 Dungeon Crawl Stone Soup version 0.18-a0-1361-g9293dd1 (webtiles) character file.

65 Kidiri the Skirmisher (level 3, -1/29 HPs)
             Began as a Demonspawn Chaos Knight on Feb 20, 2016.
             Slain by Natasha (7 damage)
             ... on level 2 of the Dungeon.
             The game lasted 00:03:06 (1209 turns).

Kidiri the Skirmisher (Demonspawn Chaos Knight)     Turns: 1209, Time: 00:03:06

Health: -1/29      AC:  5    Str: 12 (13) XL:     3   Next: 92%
Magic:  0/3        EV: 11    Int: 12 (13) God:    Xom [...*..]
Gold:   44         SH:  0    Dex: 10 (12) Spells: 0 memorised, 2 levels left

rFire  . . .     SeeInvis .     a - +0 falchion (chaos)
rCold  . . .     Gourm    .     b - +2 leather armour
rNeg   . . .     Faith    .     (no shield)
rPois  .         Spirit   +     (no helmet)
rElec  .         Dismiss  .     (no cloak)
rCorr  .         Reflect  .     (no gloves)
SustAt .         Harm     .     (no boots)
MR     .....                    (no amulet)
Stlth  ++........               (no ring)
                                (no ring)

@: slowed, very slow, not resistant to hostile enchantments, unstealthy
A: nightstalker 1, magic shield
a: Renounce Religion


You were on level 2 of the Dungeon.
You worshipped Xom.
You were a favourite toy of Xom.
You were not hungry.

You visited 1 branch of the dungeon, and saw 2 of its levels.

You collected 44 gold pieces.

Inventory:

Hand Weapons
 a - a +0 falchion of chaos (weapon)
Missiles
 n - 4 tomahawks (quivered)
Armour
 b - a +2 leather armour (worn)
Scrolls
 j - a scroll of enchant armour {unknown}
 k - a scroll of enchant weapon {unknown}
Books
 d - a book of the Tempests

   Spells                             Type                      Level
   a - Static Discharge               Conjuration/Air              3
   b - Lightning Bolt                 Conjuration/Air              5
   c - Fireball                       Conjuration/Fire             5
   d - Tornado                        Air                          9
   e - Shatter                        Earth                        9
Comestibles
 c - 2 bread rations
 m - a meat ration


   Skills:
 + Level 3.3 Fighting
 * Level 3.3 Long Blades
 + Level 0.8 Throwing
 * Level 2.3 Armour
 + Level 1.5 Dodging


You had 2 spell levels left.
You didn't know any spells.

Dungeon Overview and Level Annotations

Branches:
Dungeon (2/15)

Altars:
Elyvilon

Annotations:
D:2 Natasha


Innate Abilities, Weirdness & Mutations

You are slightly more attuned to the shadows.
When hurt, damage is shared between your health and your magic reserves.


Message History

The bat hits you but does no damage.
You closely miss the bat. The bat closely misses you. x2
The bat hits you but does no damage. The bat hits you.
Natasha stares at you and mumbles some strange words.
You resist with significant effort. The bat barely misses you.
You closely miss the bat. The bat hits you but does no damage.
The bat misses you. The white imp gestures at you. The puff of frost hits you!
Natasha mumbles some strange words.
You feel troubled.
Natasha zaps a wand.
The puff of flame hits you! The bat barely misses you.
The bat hits you but does no damage. The bat completely misses you.
The bat closely misses you. Natasha barely misses you. The white imp hits you.
The white imp freezes you.
* * * LOW HITPOINT WARNING * * *
Unknown command.
The bat hits you but does no damage. Natasha claws you!
You die...
Xom chortles!

................ #........
#.#...........#.##........
._........##.##...........
.#.###......####.........
#.##....................
..#...........#.........
....=.......###.##..###.
#.#.......#.##... ....
##########.##...@.##.....###...
....... .......(5hb..#..## ##
.....#####.#....b.......##
.........รท...............##
...........)..............#
....b..###..)#............#
.....<......###...........#
.......####%# #.....<....#
......## #.# #.#...#...##


You could see Natasha, a white imp and 2 bats.

Vanquished Creatures
  Natasha (D:2)
  A giant gecko (D:1)
  5 bats
  2 giant cockroaches (D:1)
  3 goblins
  6 hobgoblins
  4 jackals (D:2)
  A quokka (D:2)
  A giant newt (D:2)
  6 kobolds
  2 rats (D:1)
32 creatures vanquished.

Vanquished Creatures (collateral kills)
  A giant newt (D:1)
  A rat (D:1)
2 creatures vanquished.

Vanquished Creatures (others)
  A hobgoblin (D:1)
1 creature vanquished.

Grand Total: 35 creatures vanquished

Notes
Turn   | Place    | Note
--------------------------------------------------------------
     0 | D:1      | Kidiri the Demonspawn Chaos Knight began the quest for the Orb.
     0 | D:1      | Reached XP level 1. HP: 18/18 MP: 1/1
    47 | D:1      | Reached skill level 1 in Dodging
   107 | D:1      | Gained mutation: When hurt, damage is shared between your health and your magic reserves. [demonic ancestry]
   107 | D:1      | Reached XP level 2. HP: 22/24 MP: 2/2
   612 | D:2      | XOM: harmless Pois miscast
   615 | D:2      | Noticed Natasha
   630 | D:2      | XOM: harmless Conj miscast
   634 | D:2      | XOM: butterfly on damage
   638 | D:2      | XOM: silly message
   639 | D:2      | Noticed a crimson imp
   642 | D:1      | Gained mutation: You are slightly more attuned to the shadows. [demonic ancestry]
   642 | D:1      | Reached XP level 3. HP: 18/29 MP: 0/3
   804 | D:2      | Found a white marble altar of Elyvilon.
   839 | D:2      | Killed Natasha
   869 | D:2      | Noticed Natasha
   878 | D:2      | XOM: smoke on damage
   882 | D:2      | XOM: confuse monster(s)
  1209 | D:2      | Slain by Natasha

Vault maps used:
D:1:      lemuel_arrival_behind_the_door_large
D:2:      lemuel_crystal_altar, uniq_natasha

Action                   || total
-------------------------++-------
Melee: Falchion          ||    99
Throw: Tomahawk          ||     1
  Use: Potion            ||     2
       Scroll            ||     5
 Stab: Paralysed         ||     1
       Sleeping          ||     1
  Eat: Chunk             ||     1
